 Dungeon Crawl Stone Soup version 0.19-a0-1268-g6c5d9f8 (webtiles) character file.

50799 Amnesiac the Jinx (level 13, -5/96 HPs)
             Began as a Demigod Enchanter on Aug 29, 2016.
             Slain by a catoblepas (20 damage)
             ... on level 6 of the Lair of Beasts.
             The game lasted 00:58:31 (23492 turns).

Amnesiac the Jinx (Demigod Enchanter)              Turns: 23492, Time: 00:58:31

Health: -5/96      AC:  7    Str: 11    XL:     13   Next: 86%
Magic:  8/38       EV: 11    Int: 19    God:
Gold:   1245       SH:  0    Dex: 22    Spells: 8 memorised, 11 levels left

rFire  . . .     SeeInvis +     w - +2 dagger (speed)
rCold  . . .     Gourm    .     T - +0 steam dragon armour
rNeg   . . .     Faith    .     (no shield)
rPois  +         Spirit   .     (helmet restricted)
rElec  +         Dismiss  .     o - +0 cloak
rCorr  .         Reflect  .     I - +0 pair of gloves
MR     +++..     Harm     .     t - +1 pair of boots
Stlth  ++++++.... Clarity  +    (no amulet)
                                M - ring of Ru's Vengeance {rPois SInv Stlth+}
                                B - ring of magical power

@: petrifying, very slow
A: horns 1, rugged brown scales 1, agile 1, clarity, deformed body, dopey 2,
high mp 1, magic resistance 2, sense surroundings 1, electricity resistance,
wild magic 1, MP-powered wands
a: no special abilities


You were on level 6 of the Lair of Beasts.
You were very hungry.

You visited 2 branches of the dungeon, and saw 17 of its levels.
You also visited: Ice Cave and Volcano.

You collected 1245 gold pieces.

Inventory:

Hand Weapons
 u - a +0 blowgun
 w - a +2 dagger of speed (weapon)
Missiles
 v - 20 poisoned needles
Armour
 o - a +0 cloak (worn)
 t - a +1 pair of boots (worn)
 I - a +0 pair of gloves (worn)
 T - a +0 steam dragon armour (worn)
Jewellery
 h - an uncursed ring of wizardry
 j - an uncursed ring of protection from magic
 s - an uncursed ring of positive energy
 B - a ring of magical power (left hand)
 M - the ring of Ru's Vengeance (right hand) {rPois SInv Stlth+}
   (You found it on level 2 of the Lair of Beasts)

   [ring of poison resistance]

   It protects you from poison.
   It lets you see invisible.
   It makes you more stealthy.
 P - an uncursed ring of magical power
 U - an uncursed ring of resist corrosion
Wands
 H - a wand of lightning (12/15)
 J - a wand of random effects (20/48)
 K - a wand of disintegration (7/24)
 N - a wand of iceblast (10/15)
 Q - a wand of digging (18/24)
 X - a wand of enslavement (4/24)
 Y - a wand of teleportation (5/9)
Scrolls
 a - 3 scrolls of amnesia
 f - 11 scrolls of teleportation
 g - 3 scrolls of fog
 i - 3 scrolls of enchant armour
 n - 3 scrolls of identify
 q - 11 scrolls of remove curse
 y - a scroll of blinking
 A - a scroll of recharging {unknown}
 C - 3 scrolls of magic mapping
 E - 2 scrolls of fear
 S - 3 scrolls of enchant weapon
Potions
 b - 3 potions of might
 c - 3 potions of berserk rage {unknown}
 e - 4 potions of flight
 k - 4 potions of agility
 m - a potion of experience {unknown}
 x - 5 potions of haste
 z - 7 potions of curing
 G - 2 potions of brilliance
 V - a potion of invisibility
 W - a potion of ambrosia
Books
 l - a book of Flames

   Spells                             Type                      Level
   a - Flame Tongue                   Conjuration/Fire             1
   b - Throw Flame                    Conjuration/Fire             2
   c - Conjure Flame                  Conjuration/Fire             3
   d - Inner Flame                    Hexes/Fire                   3
   e - Sticky Flame                   Conjuration/Fire             4
   f - Fireball                       Conjuration/Fire             5
Miscellaneous
 R - 2 sacks of spiders
Comestibles
 d - 13 bread rations
 p - 5 meat rations
 r - 6 beef jerkies
 F - 2 royal jellies
 L - 8 slices of pizza
 Z - 29 fruits


   Skills:
 - Level 3.0 Fighting
 + Level 9.6 Short Blades
 + Level 10.0 Dodging
 + Level 9.8 Stealth
 - Level 8.0 Spellcasting
 - Level 14.0 Hexes


You had 11 spell levels left.
You knew the following spells:

 Your Spells              Type           Power        Failure   Level  Hunger
a - Gell's Gravitas       Hex/Tloc       #####.....   2%          3    None
b - Confusing Touch       Hex            ######       1%          1    None
c - Apportation           Tloc           #.........   14%         1    None
d - Animate Skeleton      Necr           N/A          14%         1    None
e - Dazzling Spray        Conj/Hex       #####.       2%          3    None
f - Ensorcelled Hibernat  Hex/Ice        #####.       1%          2    None
w - Tukima's Dance        Hex            ######..     1%          3    None
z - Confuse               Hex            ######..     1%          3    None


Dungeon Overview and Level Annotations

Branches:
Dungeon (11/15)            Temple (0/1) D:4            Lair (6/6) D:11
  Swamp (0/4) Lair:3        Snake (0/4) Lair:2        Slime (0/5) Lair:6
    Orc (0/2) D:9

Shops:
D:5 ?   D:7 =   D:10 !

Portals:
Hell: Lair:6

Annotations:
D:3 Eustachio


Innate Abilities, Weirdness & Mutations

You have an increased reservoir of magic. (+10% MP)
You have a pair of small horns on your head.
You are partially covered in rugged brown scales. (AC +1, +3% HP)
You are agile. (Dex +2)
You possess an exceptional clarity of mind.
Armour fits poorly on your strangely shaped body.
You are very dopey. (Int -4)
You are highly resistant to hostile enchantments. (MR++)
You passively map a small area around you.
You are resistant to electric shocks. (rElec)
Your spells are a little harder to cast, but a little more powerful.
You expend magic power (3 MP) to strengthen your wands.


Message History

The blast of calcifying dust hits you!
* * * LOW HITPOINT WARNING * * *
The blast of calcifying dust hits the plant.
Casting: Ensorcelled Hibernation
Confirm with . or Enter, or press ? or * to list all spells.
Aiming: Dazzling Spray
Press: ? - help, Shift-Dir - straight line, f - catoblepas
Aim: a catoblepas (heavily wounded)
The spray of energy hits the catoblepas.
The catoblepas is severely wounded.
The spray of energy hits the fungus.
The fungus is moderately damaged.
The spray of energy hits the plant.
The plant is lightly damaged.
You are engulfed in calcifying dust.
You are slowing down.
The plant is engulfed in calcifying dust.
The plant is engulfed in calcifying dust.
The plant turns to stone!
The catoblepas gores you!!
You die...

.....♣♣♣....##................P..
..........#.###.......#.P..#.P.PP
............##................PPP
................................♣
.P###.....#.......P......##..♣...
..#P.......#.P§P.......#..#.#♣...
..#PP.......#.P§§.........♣♣....P
....P..P...PPPP..§§......##♣♣....
................@Y#........♣.....
.........#....................P..
.....PP...........PP..P.......P..
....PP.......#..##...###........8
P.##.PP#........#..P.P#......PP..
.P.#.###........†..........♣P..P.
.P...##P..##..........#..P#♣♣....
....##...P#........PP......♣♣....
....##...............(......♣♣...


You could see a catoblepas.

Vanquished Creatures
  6 hydras
  7 death yaks
  A sixfirhy (Lair:6)
  A wizard (Lair:6)
  A faun (Lair:6)
  An ugly thing (IceCv)
  A griffon (Lair:6)
  A manticore (Volcano)
  18 elephants
  3 black mambas
  4 orange demons (Lair:6)
  A torpor snail (Lair:2)
  3 rime drakes
  11 spiny frogs
  4 komodo dragons
  3 ice devils (Lair:6)
  A hellwing (Lair:6)
  A two-headed ogre (D:10)
  A giant leech (Lair:3)
  3 trolls
  A polar bear (Lair:3)
  17 blink frogs
  Grinder (D:6)
  A boulder beetle (Lair:5)
  A slime creature (D:11)
  A shadow (D:11)
  7 fire bats (Volcano)
  36 yaks
  A human (D:9)
  2 basilisks (Lair:6)
  8 hippogriffs
  2 hungry ghosts
  3 steam dragons
  2 insubstantial wisps (D:9)
  A mottled dragon (Volcano)
  A swamp worm (Lair:3)
  14 water moccasins
  4 hell hounds
  6 orc warriors
  5 porcupines
  4 sky beasts
  18 ice beasts
  A wasp (Lair:5)
  5 ogres
  A phantom (D:5)
  2 black bears
  4 centaurs
  4 wolves (Lair:4)
  11 crocodiles
  A big kobold (D:9)
  18 giant frogs
  3 scorpions
  10 killer bees
  2 vampire bats (D:1)
  11 wights
  4 howler monkeys
  4 crimson imps
  A giant frog zombie (D:10)
  14 orc priests
  5 hounds
  3 jellies
  Crazy Yiuf (D:2)
  Ijyb (D:3)
  A centaur skeleton (D:9)
  9 iguanas
  Natasha (thrice) (D:4)
  8 worker ants
  22 orc wizards
  2 hound skeletons
  A worker ant zombie (D:7)
  Robin (D:3)
  11 gnolls
  11 adders
  21 river rats
  5 shadow imps
  An ooze (D:1)
  An adder skeleton (D:4)
  5 worms
  3 dart slugs
  4 giant geckos
  48 orcs
  4 bat skeletons (D:2)
  A bat zombie (D:2)
  9 giant cockroaches
  17 goblins
  7 hobgoblins
  10 jackals
  12 kobolds
  4 quokkas
  3 ball pythons
  5 bats
  3 giant newts
  A jackal skeleton (D:5)
  A quokka skeleton (D:4)
  A quokka zombie (D:9)
  9 rats
558 creatures vanquished.

Vanquished Creatures (others)
  8 fungi
  2 plants
10 creatures vanquished.

Grand Total: 568 creatures vanquished

Notes
Turn   | Place    | Note
-------+----------+-------------------------------------------
     0 | D:1      | Amnesiac the Demigod Enchanter began the quest for the Orb.
     0 | D:1      | Reached XP level 1. HP: 14/14 MP: 5/5
   205 | D:1      | Reached skill level 3 in Hexes
   227 | D:1      | Reached XP level 2. HP: 18/20 MP: 4/7
   325 | D:1      | Reached skill level 1 in Short Blades
   523 | D:1      | Learned a level 2 spell: Ensorcelled Hibernation
   668 | D:2      | Reached XP level 3. HP: 26/26 MP: 6/8
   889 | D:2      | Found a runed door.
   950 | D:2      | Learned a level 3 spell: Tukima's Dance
  1099 | D:2      | Found an ancient bone altar of Kikubaaqudgha.
  1167 | D:1      | Reached XP level 4. HP: 5/33 MP: 7/9
  1524 | D:2      | Noticed Crazy Yiuf
  1528 | D:2      | Killed Crazy Yiuf
  1528 | D:2      | Reached XP level 5. HP: 38/38 MP: 10/10
  1576 | D:3      | Found a basalt altar of Yredelemnul.
  1582 | D:3      | Noticed Ijyb
  1593 | D:3      | Killed Ijyb
  2090 | D:3      | Found a faded altar of an unknown god.
  2377 | D:3      | Noticed Robin
  2394 | D:3      | Killed Robin
  2394 | D:3      | Reached XP level 6. HP: 31/45 MP: 7/12
  2813 | D:3      | Learned a level 3 spell: Confuse
  3022 | D:4      | Noticed Eustachio
  3377 | D:4      | Noticed Natasha
  3407 | D:4      | Killed Natasha
  3455 | D:4      | Noticed Natasha
  3460 | D:4      | Killed Natasha
  3460 | D:4      | Reached skill level 4 in Hexes
  3664 | D:4      | Noticed Natasha
  3874 | D:4      | Killed Natasha
  3918 | D:4      | Found a staircase to the Ecumenical Temple.
  4009 | D:4      | Found a glowing golden altar of the Shining One.
  4009 | D:4      | Found a white marble altar of Elyvilon.
  4064 | D:4      | Reached skill level 5 in Hexes
  4064 | D:4      | Reached XP level 7. HP: 42/50 MP: 8/13
  4495 | D:4      | Found a burning altar of Makhleb.
  4811 | D:5      | Entered Level 5 of the Dungeon
  4887 | D:5      | Reached skill level 6 in Hexes
  5028 | D:5      | Found Vigaxt Cyngo's Magic Scroll Shop.
  5080 | D:5      | Found a snail-covered altar of Cheibriados.
  5357 | D:5      | Learned a level 3 spell: Dazzling Spray
  5518 | D:5      | Reached XP level 8. HP: 37/57 MP: 10/15
  5636 | D:5      | Reached skill level 5 in Dodging
  5777 | D:6      | Noticed Grinder
  5807 | D:6      | Killed Grinder
  5911 | D:6      | Reached skill level 7 in Hexes
  6354 | D:6      | Reached skill level 5 in Stealth
  6470 | D:6      | Found a snail-covered altar of Cheibriados.
  6503 | D:6      | Found a shimmering altar of Xom.
  6610 | D:6      | Found a bloodstained altar of Trog.
  7184 | D:7      | Reached skill level 5 in Short Blades
  7214 | D:7      | Found Ogius's Jewellery Boutique.
  7407 | D:7      | Learned a level 1 spell: Confusing Touch
  7409 | D:7      | Learned a level 1 spell: Apportation
  7450 | D:7      | Reached XP level 9. HP: 62/62 MP: 12/16
  7495 | D:7      | Learned a level 1 spell: Animate Skeleton
  7794 | D:7      | Found a hide-covered altar of Uskayaw.
  7795 | D:7      | Found an iron altar of Okawaru.
  8821 | D:8      | Reached skill level 8 in Hexes
  8873 | D:8      | Reached skill level 1 in Fighting
  8910 | D:8      | Found a shattered altar of Ashenzari.
  9296 | D:8      | Found a stormy altar of Qazlal.
 10011 | D:9      | Got an ancient leather armour
 10056 | D:9      | Identified the +1 leather armour "Miev" {*Contam +Blink rC- Str+9} (You found it on level 9 of the Dungeon)
 10075 | D:9      | Reached XP level 10. HP: 51/77 MP: 19/19
 10759 | D:9      | Found a staircase to the Orcish Mines.
 10873 | D:9      | Gained mutation: You expend magic power (3 MP) to strengthen your wands. [mutagenic meat]
 10876 | D:9      | Gained mutation: You possess an exceptional clarity of mind. [mutagenic meat]
 10879 | D:9      | Gained mutation: You passively map a small area around you. [mutagenic meat]
 10885 | D:9      | Gained mutation: Your muscles are strong. (Str +2) [mutagenic meat]
 10923 | D:9      | Gained mutation: You are dopey. (Int -2) [mutagenic meat]
 10938 | D:9      | Gained mutation: You are resistant to hostile enchantments. (MR+) [mutagenic meat]
 10941 | D:9      | Gained mutation: Armour fits poorly on your strangely shaped body. [mutagenic meat]
 10950 | D:9      | Gained mutation: You are resistant to electric shocks. (rElec) [mutagenic meat]
 11009 | D:9      | Gained mutation: You are agile. (Dex +2) [mutagenic meat]
 11015 | D:9      | Gained mutation: You have a pair of small horns on your head. [mutagenic meat]
 11018 | D:9      | Gained mutation: You have a pair of horns on your head. [mutagenic meat]
 11021 | D:9      | Lost mutation: Your muscles are strong. (Str +2) [mutagenic meat]
 11538 | D:10     | Entered Level 10 of the Dungeon
 11740 | D:10     | Lost mutation: You have a pair of horns on your head. [mutagenic meat]
 11743 | D:10     | Gained mutation: Your spells are a little harder to cast, but a little more powerful. [mutagenic meat]
 11749 | D:10     | Gained mutation: You are very dopey. (Int -4) [mutagenic meat]
 11755 | D:10     | Gained mutation: You are partially covered in rugged brown scales. (AC +1, +3% HP) [mutagenic meat]
 11905 | D:10     | HP: 1/79 [orc warrior/battleaxe (10)]
 12366 | D:10     | Found Sovvoo's Distillery.
 12773 | D:11     | Reached XP level 11. HP: 80/84 MP: 15/20
 12963 | D:11     | Found a roughly hewn altar of Beogh.
 13249 | D:11     | Found a staircase to the Lair.
 13759 | Lair:1   | Entered Level 1 of the Lair of Beasts
 13837 | Lair:1   | Noticed a four-headed hydra
 14131 | Lair:1   | Killed a four-headed hydra
 14131 | Lair:1   | Reached skill level 9 in Hexes
 14231 | Lair:1   | Reached skill level 5 in Spellcasting
 14445 | Lair:1   | Reached skill level 10 in Hexes
 15219 | Lair:2   | Identified a scroll of acquirement
 15349 | Lair:2   | Noticed a death yak
 15448 | Lair:2   | Noticed a death yak
 15476 | Lair:2   | Killed a death yak
 16195 | Lair:2   | Reached skill level 11 in Hexes
 16262 | Lair:2   | Got a transparent pewter ring
 16276 | Lair:2   | Identified the ring of Ru's Vengeance {rPois SInv Stlth+} (You found it on level 2 of the Lair of Beasts)
 16308 | Lair:2   | Killed a death yak
 16308 | Lair:2   | Reached XP level 12. HP: 75/91 MP: 10/25
 16465 | Lair:2   | Reached skill level 12 in Hexes
 16744 | Lair:2   | Found a staircase to the Snake Pit.
 16829 | Lair:2   | HP: 3/91 [elephant (9)]
 17620 | Lair:3   | Gained mutation: You are highly resistant to hostile enchantments. (MR++) [potion of mutation]
 17710 | Lair:3   | Found a staircase to the Swamp.
 17827 | Lair:3   | Reached skill level 13 in Hexes
 17992 | Lair:3   | Found a frozen archway.
 18008 | Lair:3   | Noticed a seven-headed hydra
 18067 | IceCv    | Entered an ice cave
 18575 | Lair:3   | Killed a seven-headed hydra
 19504 | Lair:5   | Learned a level 3 spell: Gell's Gravitas
 20022 | Lair:5   | Reached XP level 13. HP: 96/96 MP: 29/29
 20931 | Lair:6   | Entered Level 6 of the Lair of Beasts
 20936 | Lair:6   | Reached skill level 14 in Hexes
 21044 | Lair:6   | Found a dark tunnel.
 21070 | Volcano  | Entered a volcano
 22909 | Lair:6   | Found a burning altar of Makhleb.
 22979 | Lair:6   | Reached skill level 10 in Dodging
 23331 | Lair:6   | Found a gateway to Hell.
 23492 | Lair:6   | Slain by a catoblepas

Vault maps used:
D:1:      minmay_arrival_plants_in_alcoves
D:2:      kennysheep_vampire_church, uniq_crazy_yiuf_cottage
D:3:      yredelemnul_altar_generic, ecumenical_altar_2, uniq_iyjb, uniq_robin
D:4:      gammafunk_temple_overflow_wave, makhleb_blood_cavern_becter,
          first_bread, lemuel_old_faithful, uniq_eustachio, uniq_natasha
D:5:      serial_shops, shop, kennysheep_slug_shrine
D:6:      kennysheep_steamy, nicolae_overflow_hidden_temple,
          kennysheep_mini_moat, lemuel_round_altar, uniq_grinder
D:7:      gammafunk_temple_overflow_pools, serial_shops, shop_statue,
          minmay_misc_feat_tiny
D:8:      ashenzari_altar_1, nicolae_qazlal_style_of_elements,
          minmay_misc_feat_square
D:9:      orc_0_dummy, grunt_pizzeria, hangedman_misty_isle
D:10:     enter_bailey_3, serial_shops, shop
D:11:     minmay_lair_entry_lava, grunt_ministairs_10, david_defended_altar_orc
Lair:1:   guppyfry_lair_drakes, grunt_megastairs_1
Lair:2:   dummy_snake_entry
Lair:3:   minmay_swamp_entry_worms, portal_ice_cave_entry_ice_beasts
Lair:4:   infiniplex_staircase_pool, lemuel_fruit_fields
Lair:5:   lemuel_fruit_fields
Lair:6:   evil_forest, minmay_slime_entry_oklob_enclosed,
          nicolae_volcano_entry_lava_flow, grunt_forest_large_clearings
IceCv:    ice_cave_statue_garden_teleport
Volcano:  volcano_pools

Skill      XL: |  1  2  3  4  5  6  7  8  9 10 11 12 13 |
---------------+----------------------------------------+-----
Spellcasting   | 2 3 4 6 8 |  8.0
Hexes          | 3 5 6 7 8 11 13 14 | 14.0
Stealth        | 3 4 6 7 8 9 |  9.8
Short Blades   | 1 2 3 4 5 6 8 9 |  9.6
Dodging        | 2 3 4 5 6 8 10 | 10.0
Fighting       | 3 |  3.0

Action                   |  1- 3 |  4- 6 |  7- 9 | 10-12 | 13-15 || total
-------------------------+-------+-------+-------+-------+-------++-------
Melee: Dagger            |   104 |   150 |   417 |   546 |   213 ||  1430
       Unarmed           |       |     3 |       |     1 |       ||     4
       Headbutt          |       |       |       |   107 |    50 ||   157
 Cast: Corona            |    13 |     1 |       |       |       ||    14
       Ensorcelled Hiber |     9 |    65 |   126 |   231 |    73 ||   504
       Tukima's Dance    |       |     6 |     1 |       |       ||     7
       Confuse           |       |     4 |    53 |    65 |    33 ||   155
       Dazzling Spray    |       |       |       |    54 |    48 ||   102
       Confusing Touch   |       |       |       |     1 |       ||     1
Evoke: Wand              |       |       |       |     2 |       ||     2
  Use: Potion            |     4 |       |     2 |     1 |     2 ||     9
       Scroll            |       |       |    13 |    17 |     1 ||    31
 Stab: Sleeping          |    16 |    45 |    81 |   140 |    57 ||   339
       Distracted        |       |     1 |       |       |     1 ||     2
       Confused          |       |     2 |    26 |    50 |    20 ||    98
       Invisible         |       |       |       |    24 |    14 ||    38
  Eat: Chunk             |     1 |    13 |    27 |    58 |     9 ||   108
       Pizza             |       |     1 |       |       |       ||     1
       Royal jelly       |       |       |     1 |       |       ||     1
       Bread ration      |       |       |       |     1 |       ||     1
Armor: Robe              |    38 |    40 |    85 |       |       ||   163
       Skin              |     4 |     6 |       |       |       ||    10
       Leather armour    |       |       |       |    32 |       ||    32
       Steam dragon armo |       |       |       |    31 |    30 ||    61
Dodge: Dodged            |   114 |    93 |   231 |   414 |   136 ||   988
